 Dungeon Crawl Stone Soup version 0.31.0-32-g396128a36d (webtiles) character file.

Game seed: 12033517374539115633

2590 Peloso the Protected (level 9, -3/79 HPs)
             Began as a Minotaur Fighter on Apr 16, 2024.
             Was a Believer of Okawaru.
             Slain by an orc warrior
             ... wielding a +4 short sword
              (9 damage)
             ... on level 8 of the Dungeon.
             The game lasted 00:11:25 (7025 turns).

Peloso the Protected (Minotaur Fighter)             Turns: 7025, Time: 00:11:26

Health: -3/79      AC: 11    Str: 22    XL:     9   Next: 33%
Magic:  8/8        EV: 10    Int:  5    God:    Okawaru [**....]
Gold:   321        SH:  5    Dex: 13    Spells: 8/8 levels left

rFire   . . .        a - +0 long sword (heavy)
rCold   + . .        d - +0 buckler
rNeg    . . .        v - +0 chain mail
rPois   .            (helmet currently unavailable)
rElec   .            (cloak currently unavailable)
rCorr   +            (gloves currently unavailable)
SInv    .            (boots currently unavailable)
Will    .....        (no amulet) Stlth
                     r - ring of resist corrosion
HPRegen 0.33/turn    i - ring of protection from cold
MPRegen 0.11/turn

%: no passive effects
@: beast-form
A: beast (slay +1), horns 2, retaliatory headbutt
a: Begin Untransformation, Renounce Religion, Heroism


You were on level 8 of the Dungeon.
You worshipped Okawaru.
Okawaru was pleased with you.
You were a hulking beast.
You visited 2 branches of the dungeon, and saw 9 of its levels.

You collected 341 gold pieces.
You spent 20 gold pieces at shops.

Inventory:

Hand Weapons
 a - a +0 heavy long sword (weapon)
 b - a +0 trident of flaming
Armour
 c - +0 acid dragon scales
 d - a +0 buckler (worn)
 v - a +0 chain mail (worn)
Jewellery
 i - a ring of protection from cold (right hand)
 r - a ring of resist corrosion (left hand)
 s - an amulet of guardian spirit
 u - a ring of fire
Talismans
 m - a beast talisman (active)
Wands
 q - a wand of roots (11)
 B - a wand of flame (6)
Scrolls
 e - 2 scrolls of teleportation
 j - 3 scrolls of poison
 n - a scroll of amnesia
 w - a scroll of enchant armour {unknown}
 z - a scroll of noise
 C - 2 scrolls of enchant weapon {unknown}
Potions
 f - a potion of invisibility
 g - a potion of haste {unknown}
 h - a potion of mutation
 k - a potion of attraction {unknown}
 l - 2 potions of brilliance {unknown}
 o - 2 potions of degeneration {unknown}
 p - a potion of enlightenment {unknown}
 t - 3 potions of might
 x - a potion of curing


   Skills:
 + Level 7.0 Fighting
 + Level 8.0 Long Blades
 + Level 9.0 Armour
 + Level 4.0 Dodging
 + Level 0.5 Stealth
 + Level 6.4 Shields
 + Level 2.3 Shapeshifting


You had 8 spell levels left.
You didn't know any spells.
Your spell library contained the following spells:

 Spells                   Type           Power      Damage    Failure   Level
 Scorch                   Fire           0%         2d5       99%         2
 Frozen Ramparts          Ice            0%         1d1       100%        3
 Flame Wave               Conj/Fire      0%         2d4       100%        4
 Leda's Liquefaction      Alch/Erth      0%         N/A       100%        4
 Petrify                  Alch/Erth      0%         N/A       100%        4
 Metabolic Englaciation   Hex/Ice        0%         N/A       100%        5
 Summon Cactus Giant      Summ           Unusable   N/A       N/A         6

Dungeon Overview and Level Annotations

Branches:
Dungeon (8/15)             Temple (1/1) D:4
   Lair: D:8-11

Altars:
Ashenzari
Cheibriados
Elyvilon
Fedhas
Gozag
Hepliaklqana
Kikubaaqudgha
Makhleb
Nemelex Xobeh
Okawaru
Qazlal
Ru
Sif Muna
Trog
Uskayaw
Vehumet
Wu Jian
Xom
Yredelemnul
Zin
The Shining One

Shops:
D:2 (!([   D:4 ::*

Annotations:
D:4 exclusion: statue


Innate Abilities, Weirdness & Mutations

You are a hulking beast.
Your limbs bulge with bestial killing power. (Slay +1)
You have a pair of horns on your head.
You reflexively headbutt those who attack you in melee.


Message History

The orc warrior hits you with a +4 short sword!
You block the kobold brigand's attack.
Unknown command.
You barely miss the kobold brigand.
Your headbutt misses the kobold brigand.
The kobold brigand is severely wounded.
The kobold brigand barely misses you. You furiously retaliate!
You headbutt the kobold brigand!
You kill the kobold brigand!
Okawaru accepts your kill.
The orc warrior hits you with a +4 short sword.
Your Long Blades skill increases to level 8!
You closely miss the orc warrior. Your headbutt misses the orc warrior.
The orc warrior hits you but does no damage.
You block the orc warrior's attack.
You slash the orc warrior!
The orc warrior is moderately wounded.
The orc warrior hits you with a +4 short sword!
You barely miss the orc warrior. Your headbutt misses the orc warrior.
The orc warrior is moderately wounded.
The orc warrior hits you but does no damage.
The orc warrior hits you with a +4 short sword!
You hit the orc warrior but do no damage.
The orc warrior is moderately wounded.
The orc warrior hits you with a +4 short sword.
* * * LOW HITPOINT WARNING * * *
You hit the orc warrior.
The orc warrior is heavily wounded.
You block the orc warrior's attack.
The orc warrior hits you with a +4 short sword.
* * * LOW HITPOINT WARNING * * *
You barely miss the orc warrior.
The orc warrior is heavily wounded.
The orc warrior hits you with a +4 short sword!
* * * LOW HITPOINT WARNING * * *
You hit the orc warrior but do no damage.
The orc warrior is heavily wounded.
You block the orc warrior's attack.
The orc warrior hits you with a +4 short sword!
You die...

#.#######.####
#.# #.....##
#.# ##.#...#
#.# ####..##
#.# ##..# ##.#
#..### ...#
##..># .###
##..# ## #h##
#)o.# #...#
#...# #++##


You could see an orc warrior.

Vanquished Creatures
  A hornet (D:8)
  A steam dragon (D:7)
  An acid dragon (D:4)
  A water moccasin (D:5)
  2 ice beasts
  A black bear (D:4)
  A sky beast (D:7)
  An ogre (D:4)
  2 centaurs
  A kobold brigand (D:8)
  Blork the orc (D:5)
  A bullfrog (D:6)
  4 scorpions
  2 bombardier beetles
  7 hounds
  2 gnoll boudas
  An orc priest (D:4)
  2 jellies
  2 orc wizards
  A sleepcap (D:6)
  4 iguanas
  Robin (D:2)
  11 adders
  14 gnolls
  A shadow imp (D:7)
  A white imp (D:5)
  4 ufetubi (D:6)
  2 dart slugs (D:1)
  4 ribbon worms
  12 orcs
  6 bats
  3 endoplasms
  9 giant cockroaches
  14 goblins
  9 hobgoblins
  5 jackals
  5 kobolds
  3 quokkas
  12 ball pythons
  7 frilled lizards
  7 rats
169 creatures vanquished.

Notes
Turn   | Place    | Note
-------+----------+-------------------------------------------
     0 | D:1      | Peloso the Minotaur Fighter began the quest for the Orb.
     0 | D:1      | Reached XP level 1. HP: 19/19 MP: 0/0
   152 | D:1      | Reached XP level 2. HP: 22/27 MP: 1/1
   381 | D:1      | Reached XP level 3. HP: 33/33 MP: 2/2
   585 | D:1      | Reached skill level 4 in Armour
   848 | D:2      | Found Ogoerose's Armour Boutique.
   850 | D:2      | Found Qeesaf's Weapon Emporium.
   859 | D:2      | Noticed Robin
   860 | D:2      | Found Jizior's Distillery.
   981 | D:2      | Killed Robin
  1011 | D:2      | Reached skill level 1 in Dodging
  1165 | D:2      | Found Ycrisye's Antique Weapon Emporium.
  1167 | D:2      | Reached XP level 4. HP: 40/40 MP: 3/3
  1960 | D:3      | Found a faded altar of an unknown god.
  2054 | D:3      | Reached XP level 5. HP: 47/47 MP: 4/4
  2430 | D:4      | Reached skill level 5 in Armour
  2501 | D:4      | Noticed a black bear
  2508 | D:4      | Killed a black bear
  2509 | D:4      | Reached XP level 6. HP: 27/53 MP: 5/5
  2672 | D:4      | Found Keqeyv's Book Emporium.
  2692 | D:4      | Found a radiant altar of Vehumet.
  2722 | D:4      | Reached skill level 5 in Shields
  2973 | D:4      | Found a staircase to the Ecumenical Temple.
  2983 | Temple   | Entered the Ecumenical Temple
  3002 | Temple   | Became a worshipper of Warmaster Okawaru
  3088 | D:4      | Found Ehahet's General Store.
  3095 | D:4      | Bought a scroll of identify for 20 gold pieces
  3183 | D:4      | Noticed an acid dragon
  3189 | D:4      | Killed an acid dragon
  3190 | D:4      | Reached skill level 5 in Fighting
  3190 | D:4      | Reached skill level 5 in Long Blades
  3190 | D:4      | Reached skill level 6 in Armour
  3190 | D:4      | Reached XP level 7. HP: 29/61 MP: 6/6
  3676 | D:4      | Found Celolim's Book Shoppe.
  3751 | D:5      | Entered Level 5 of the Dungeon
  3781 | D:5      | Reached skill level 1 in Shapeshifting
  3798 | D:5      | Reached * piety under Okawaru
  4014 | D:5      | Noticed Blork the orc
  4016 | D:5      | Reached XP level 8. HP: 44/69 MP: 7/7
  4281 | D:5      | Killed Blork the orc
  4873 | D:6      | Reached ** piety under Okawaru
  4874 | D:6      | Reached skill level 7 in Armour
  5045 | D:6      | Found a hazy altar of Hepliaklqana.
  5316 | D:6      | Found a glowing silver altar of Zin.
  5316 | D:6      | Found a sparkling altar of Nemelex Xobeh.
  5703 | D:7      | Found a snail-covered altar of Cheibriados.
  5879 | D:7      | Reached skill level 8 in Armour
  5879 | D:7      | Reached XP level 9. HP: 16/78 MP: 8/8
  6216 | D:7      | Found an ancient bone altar of Kikubaaqudgha.
  6270 | D:7      | Found a basalt altar of Yredelemnul.
  6911 | D:8      | Reached skill level 9 in Armour
  7025 | D:8      | Slain by an orc warrior

Illustrated notes

Levels and vault maps discovered:
D:1:      dpeg_arrival_prison, layout_loops_ring
D:2:      layout_basic, serial_shops, shop, nicolae_shop_overgrown_old_shop,
          shop, nicolae_shop_tiny_glass, uniq_robin
D:3:      layout_basic, basic_ecumenical_altar, nicolae_houndstooth_variations
D:4:      minmay_chambers_of_twos, layout_loops_ring, vehumet_statue,
          minmay_temple_entry_large_hall, serial_shops, shop,
          nicolae_shop_hallway_stairs, nicolae_shop_tiny_waterfront
D:5:      layout_cave_pools, minmay_starry_boxes, uniq_blork_the_orc
D:6:      layout_gridville, mainiacjoe_overflow_surrounded_room,
          gammafunk_temple_overflow_wave
D:7:      layout_cave_pods, nicolae_overflow_crystal_walls, lemuel_tele_altar,
          chei_slow_surprise
D:8:      kennysheep_seaside_town, layout_basic, lemuel_crystal_altar,
          uniq_maurice
Temple:   eino_temple_water

Skill      XL: |  1  2  3  4  5  6  7  8  9 |
---------------+----------------------------+-----
Shields        | 4 5 6 |  6.4
Fighting       | 4 5 6 7 |  7.0
Armour         | 4 5 6 8 9 |  9.0
Long Blades    | 3 4 5 6 7 8 |  8.0
Dodging        | 1 2 3 4 |  4.0
Shapeshifting  | 1 2 |  2.3
Stealth        | |  0.5

Action                     |  1- 3 |  4- 6 |  7- 9 || total
---------------------------+-------+-------+-------++-------
  Melee: Long sword        |   128 |   103 |   183 ||   414
         Headbutt          |    16 |    12 |    31 ||    59
 Invoke: Heroism           |       |       |     1 ||     1
    Use: Potion            |     2 |       |     1 ||     3
         Scroll            |     1 |     5 |     9 ||    15
 Armour: Scale mail        |    96 |   134 |       ||   230
         Acid dragon scale |       |       |    46 ||    46
         Chain mail        |       |       |   194 ||   194
  Dodge: Dodged            |    72 |    85 |   155 ||   312
  Block: Buckler           |    44 |    39 |    86 ||   169
   Form: Beast             |       |     1 |       ||     1
